 Dungeon Crawl Stone Soup version 0.26-a0-18-g135ff06667 (webtiles) character file.

Game seed: 13151956176080149724, levelgen mode: deterministic

14604 Foltvin the Geomancer (level 12, -8/69 HPs)
             Began as a Gargoyle Earth Elementalist on May 25, 2020.
             Was a High Priest of Vehumet.
             Hit by a large rock thrown by a stone giant (19 damage)
             ... on level 11 of the Dungeon.
             The game lasted 00:33:21 (12864 turns).

Foltvin the Geomancer (GrEE)                       Turns: 12864, Time: 00:33:21

Health: -8/69      AC: 27    Str: 17    XL:     12   Next: 18%
Magic:  21/24      EV: 17    Int: 23    God:    Vehumet [*****.]
Gold:   728        SH:  5    Dex:  8    Spells: 12/27 levels left

rFire    . . .     SeeInvis .   I - +4 broad axe "Plog" {freeze, +Rage MR- Str+4}
rCold    . . .     Gourm    .   (no shield)
rNeg     + . .     Faith    .   M - +4 troll leather armour {Snorg}
rPois    ∞         Spirit   .   k - +2 helmet of Otyedaot {Int+3}
rElec    +         Reflect  +   q - scarf {+Inv}
rCorr    .         Harm     .   e - +2 pair of gloves
MR       .....                  f - +2 pair of boots
Stlth    +.........             i - amulet of reflection
HPRegen  0.61/turn              u - ring of wizardry
MPRegen  0.19/turn              H - +4 ring of evasion

@: barbed spikes, very slightly contaminated
A: hooves 1, clumsy 1, negative energy resistance 1, electricity resistance,
unbreathing, petrification resistance, rot immunity, AC +8
a: Renounce Religion, Evoke Berserk Rage, Evoke Invisibility


You were on level 11 of the Dungeon.
You worshipped Vehumet.
Vehumet was extremely pleased with you.
You were not hungry.

You visited 2 branches of the dungeon, and saw 12 of its levels.

You collected 728 gold pieces.

Inventory:

Hand Weapons
 l - a +1 dagger of electrocution
 s - a +3 flail
 F - a +0 dire flail
 I - the +4 broad axe "Plog" (weapon) {freeze, +Rage MR- Str+4}
   (You found it on level 8 of the Dungeon)

   It has been specially enchanted to freeze those struck by it, causing extra
   injury to most foes and up to half again as much damage against particularly
   susceptible opponents.
   It can also slow down cold-blooded creatures.
   It affects your strength (+4).
   It affects your resistance to hostile enchantments.
   It lets you go berserk.
Missiles
 b - 327 stones (quivered)
 h - 14 throwing nets
Armour
 e - a +2 pair of gloves (worn)
 f - a +2 pair of boots (worn)
 k - the +2 helmet of Otyedaot (worn) {Int+3}
   (You took it off Robin on level 3 of the Dungeon)

   It affects your intelligence (+3).
 p - a +2 cloak
 q - a scarf of invisibility (worn)
 M - a +4 troll leather armour (worn) {Snorg}
Jewellery
 i - an amulet of reflection (around neck)
 m - an uncursed ring of fire
 u - a ring of wizardry (left hand)
 A - an uncursed ring of resist corrosion
 H - a +4 ring of evasion (right hand)
 K - an uncursed ring of protection from cold
Wands
 g - a wand of random effects (16)
 n - a wand of digging (9)
 o - a wand of enslavement (4)
 x - a wand of disintegration (28)
 y - a wand of iceblast (18)
 B - a wand of polymorph (10)
 E - a wand of flame (16)
 J - a wand of acid (9)
Scrolls
 t - 3 scrolls of amnesia
 w - 3 scrolls of remove curse
 z - 2 scrolls of fog
 C - 3 scrolls of identify
 D - 2 scrolls of enchant weapon
Potions
 a - 3 potions of flight
 j - a potion of cancellation
 r - a potion of lignification
 v - a potion of stabbing
 L - a potion of heal wounds
Comestibles
 d - 23 rations


   Skills:
 + Level 5.8 Fighting
 + Level 5.2 Maces & Flails
 + Level 5.9 Armour
 + Level 4.8 Dodging
 - Level 2.1 Stealth
 + Level 8.4 Spellcasting
 + Level 9.3 Conjurations
   Level 0.7 Transmutations
 + Level 11.1 Earth Magic
 + Level 4.8 Evocations


You had 12 spell levels left.
You knew the following spells:

 Your Spells              Type           Power        Failure   Level  Hunger
a - Sandblast             Erth           ######       1%          1    None
b - Stone Arrow           Conj/Erth      ######       1%          3    None
c - Lee's Rapid Deconstr  Erth           ######....   1%          5    #####..
d - Iron Shot             Conj/Erth      ######....   2%          6    ######.

Your spell library contained the following spells:

 Spells                   Type           Power        Failure   Level  Hunger
 Passwall                 Tmut/Erth      #####...     1%          2    None
 Petrify                  Tmut/Erth      #####...     2%          4    ##.....


Dungeon Overview and Level Annotations

Branches:
Dungeon (11/15)            Temple (1/1) D:4            Lair (0/6) D:8
    Orc: D:9-12

Altars:
Ashenzari
Cheibriados
Dithmenos
Elyvilon
Fedhas
Gozag
Hepliaklqana
Kikubaaqudgha
Makhleb
Nemelex Xobeh
Okawaru
Qazlal
Ru
Sif Muna
Trog
Uskayaw
Vehumet
Wu Jian
Xom
Yredelemnul
Zin
The Shining One

Shops:
D:8 (

Annotations:
D:11 1 transporter


Innate Abilities, Weirdness & Mutations

You are resistant to torment.
Your stone body is resilient. (AC +8)
You are immune to poison.
You resist negative energy. (rN+)
You are resistant to electric shocks. (rElec)
You can survive without breathing.
You are immune to petrification.
You are immune to rotting.
You have large cloven feet.
You are clumsy. (Dex -2)


Message History

Ouch! That really hurt!
* * * LOW HITPOINT WARNING * * *
The fiery explosion engulfs the manticore!!
The manticore explodes!
The fiery explosion engulfs the stone giant!!
Flame seeps out of the stone giant.
The stone giant is heavily wounded.
Vehumet accepts your kill.
You feel your power returning.
The fiery explosion engulfs the stone giant!
Flame seeps out of the stone giant.
The stone giant is heavily wounded.
Vehumet accepts your kill.
You feel your power returning. The basilisk gazes at you.
You struggle to resist.
The stone giant is engulfed in blazing flames.
Flame seeps out of the stone giant.
The stone giant throws a large rock.
The large rock hits you!!
You die...

#........#####...####......
#####...##...#####F####....
#..##.#...T..©..#⌠##...
#..#..##.##.#.#.#.5#...
#..#...#.##5##..'[o#...
#..#%.##....##T.#}.#...
#..##.#.# #F(a..####...
#...#.§§###c# #c#..⌠...
#..©#©@§°°lu# #.#©.....
##..##§#C##....##..⌠... #
#.##.##.#...##.####... ##
#.#..##.##.###.#..#..# .#
#.#...... #.##.'.:#.## .##
#.##.##.###.##.#.$#.# ..##
#.##.#.....#...#⌠##.# #..##
#..##...###### ###..# ##..#
##..#####...####...##


You could see a stone giant (inner flame), a brown ugly thing (inner flame), a
centaur warrior (inner flame) and a basilisk (inner flame).

Vanquished Creatures
  Snorg (D:10)
  2 ugly things (D:11)
  A manticore (D:11)
  The ghost of Mrkan the Chopper, a novice MiFi of Zin (D:6)
  A komodo dragon (D:10)
  2 trolls (D:9)
  A hippogriff (D:10)
  A wraith (D:11)
  Eustachio (D:4)
  11 yaks
  A wyvern (D:10)
  2 hungry ghosts (D:9)
  Grum (D:5)
  The ghost of Caphalor the Firebug, an amateur DEFE (D:5)
  2 porcupines (D:8)
  Duvessa (D:7)
  3 sky beasts
  3 orc warriors
  3 ice beasts
  2 black bears
  A phantom (D:10)
  10 ogres
  7 centaurs
  3 crocodiles (D:8)
  13 big kobolds
  2 gnoll sergeants
  10 bullfrogs
  5 scorpions
  Dowan (D:7)
  20 killer bees
  11 wights
  A howler monkey (D:8)
  4 centaur zombies
  2 crimson imps
  2 quasits (D:9)
  2 bullfrog zombies
  8 orc wizards
  A centaur skeleton (D:6)
  3 gnoll shamans (D:5)
  Crazy Yiuf (D:3)
  12 hounds
  4 jellies
  7 orc priests
  5 bullfrog skeletons
  Jessica (D:2)
  Ijyb (D:4)
  3 iguanas
  6 worker ants
  A hound zombie (D:8)
  A howler monkey skeleton (D:4)
  A worker ant zombie (D:8)
  Robin (D:3)
  18 gnolls
  9 adders
  A hound simulacrum (D:5)
  3 shadow imps
  A white imp (D:5)
  A howler monkey simulacrum (D:5)
  A worker ant simulacrum (D:5)
  An ooze (D:1)
  An adder skeleton (D:9)
  A worm (D:2)
  2 dart slugs (D:1)
  An adder simulacrum (D:5)
  6 leopard geckos
  39 orcs
  8 bats
  7 giant cockroaches
  8 hobgoblins
  20 jackals
  5 quokkas
  3 frilled lizards
  A giant cockroach zombie (D:5)
  19 goblins
  2 jackal zombies
  14 kobolds
  A leopard gecko skeleton (D:6)
  2 quokka skeletons
  A quokka zombie (D:6)
  11 rats
  2 fungi (D:3)
380 creatures vanquished.

Vanquished Creatures (others)
  A hippogriff (D:11)
  An orc (D:7)
  A fungus (D:6)
  A plant (D:8)
4 creatures vanquished.

Grand Total: 384 creatures vanquished

Notes
Turn   | Place    | Note
-------+----------+-------------------------------------------
     0 | D:1      | Foltvin the Gargoyle Earth Elementalist began the quest for
                  | the Orb.
     0 | D:1      | Reached XP level 1. HP: 10/10 MP: 3/3
   245 | D:1      | Reached XP level 2. HP: 9/15 MP: 3/5
   246 | D:1      | Reached skill level 4 in Earth Magic
   619 | D:1      | Reached XP level 3. HP: 19/19 MP: 6/6
   624 | D:1      | Learned a level 3 spell: Stone Arrow
  1207 | D:2      | Reached skill level 1 in Conjurations
  1327 | D:2      | Reached XP level 4. HP: 24/24 MP: 8/8
  1533 | D:2      | Noticed Jessica
  1554 | D:2      | Killed Jessica
  1849 | D:2      | Reached skill level 5 in Earth Magic
  2085 | D:3      | Identified the +2 helmet of Otyedaot {Int+3}
  2085 | D:3      | Noticed Robin
  2096 | D:3      | Killed Robin
  2097 | D:3      | Reached XP level 5. HP: 26/28 MP: 1/9
  2324 | D:3      | Learned a level 5 spell: Lee's Rapid Deconstruction
  3152 | D:3      | Found a runed translucent door.
  3153 | D:3      | Noticed Crazy Yiuf
  3161 | D:3      | Killed Crazy Yiuf
  3415 | D:4      | Noticed Ijyb
  3445 | D:4      | Killed Ijyb
  3445 | D:4      | Reached XP level 6. HP: 28/32 MP: 11/11
  3628 | D:4      | Found a hide-covered altar of Uskayaw.
  3749 | D:4      | Noticed Eustachio
  3773 | D:4      | Killed Eustachio
  3773 | D:4      | Reached skill level 6 in Earth Magic
  4101 | D:4      | Found a staircase to the Ecumenical Temple.
  4127 | Temple   | Entered the Ecumenical Temple
  4192 | Temple   | Became a worshipper of Vehumet
  4253 | D:4      | Reached XP level 7. HP: 35/36 MP: 4/13
  4739 | D:5      | Entered Level 5 of the Dungeon
  4907 | D:5      | Reached skill level 7 in Earth Magic
  5019 | D:5      | Reached skill level 5 in Spellcasting
  5020 | D:5      | Reached skill level 5 in Conjurations
  5020 | D:5      | Reached XP level 8. HP: 33/41 MP: 1/15
  5054 | D:5      | Reached * piety under Vehumet
  5054 | D:5      | Offered knowledge of Shock by Vehumet.
  5370 | D:5      | Found a runed translucent gate.
  5370 | D:5      | Found a runed translucent gate.
  5370 | D:5      | Found a runed translucent gate.
  5417 | D:5      | Reached skill level 8 in Earth Magic
  5772 | D:5      | Offered knowledge of Freeze by Vehumet.
  5842 | D:5      | Reached ** piety under Vehumet
  5851 | D:5      | Noticed Grum
  5864 | D:5      | Killed Grum
  5864 | D:5      | Reached XP level 9. HP: 33/45 MP: 18/18
  6012 | D:5      | Noticed Caphalor's ghost (amateur DEFE)
  6087 | D:5      | Killed Caphalor's ghost
  6087 | D:5      | Reached skill level 9 in Earth Magic
  6695 | D:6      | Reached skill level 1 in Armour
  6703 | D:6      | Reached skill level 1 in Fighting
  6821 | D:6      | Reached skill level 1 in Maces & Flails
  6872 | D:6      | Reached skill level 1 in Evocations
  6900 | D:6      | Offered knowledge of Frozen Ramparts by Vehumet.
  7348 | D:6      | Found a runed translucent gate.
  7348 | D:6      | Noticed Mrkan's ghost (novice MiFi)
  7349 | D:6      | Found a runed translucent gate.
  7349 | D:6      | Found a runed translucent gate.
  7358 | D:6      | Reached XP level 10. HP: 53/54 MP: 14/20
  7359 | D:6      | Reached *** piety under Vehumet
  7359 | D:6      | Killed Mrkan's ghost
  7882 | D:7      | Gained mutation: You are clumsy. (Dex -2) [potion of
                  | mutation]
  7882 | D:7      | Gained mutation: You have large cloven feet. [potion of
                  | mutation]
  7938 | D:7      | Found a shattered altar of Ashenzari.
  8142 | D:7      | Offered knowledge of Mephitic Cloud by Vehumet.
  8460 | D:7      | Noticed Dowan
  8461 | D:7      | Noticed Duvessa
  8468 | D:7      | Killed Dowan
  8469 | D:7      | Reached skill level 10 in Earth Magic
  8471 | D:7      | Killed Duvessa
  9111 | D:8      | Reached XP level 11. HP: 51/61 MP: 1/22
  9112 | D:8      | Reached **** piety under Vehumet
  9239 | D:8      | Found a staircase to the Lair.
  9291 | D:8      | Found Jacoam's Antique Weapon Boutique.
  9359 | D:8      | You fall into a shaft and drop 1 floor!
  9711 | D:8      | Got a polished broad axe
  9712 | D:8      | Identified the +4 broad axe "Plog" {freeze, +Rage MR-
                  | Str+4} (You found it on level 8 of the Dungeon)
  9798 | D:9      | Offered knowledge of Yara's Violent Unravelling by Vehumet.
 10689 | D:10     | Entered Level 10 of the Dungeon
 10775 | D:10     | Reached skill level 5 in Armour
 10798 | D:10     | Reached ***** piety under Vehumet
 10990 | D:10     | Reached skill level 5 in Fighting
 11095 | D:10     | Offered knowledge of Iron Shot by Vehumet.
 11103 | D:10     | Learned a level 6 spell: Iron Shot
 11167 | D:10     | Noticed Snorg
 11180 | D:10     | Killed Snorg
 11955 | D:11     | Noticed a red ugly thing
 11968 | D:11     | Killed a red ugly thing
 11968 | D:11     | Reached skill level 11 in Earth Magic
 12001 | D:11     | Noticed a brown ugly thing
 12003 | D:11     | Noticed a green ugly thing
 12003 | D:11     | Noticed a stone giant
 12023 | D:11     | Noticed a centaur warrior
 12189 | D:11     | Reached XP level 12. HP: 68/68 MP: 14/24
 12190 | D:11     | Reached skill level 5 in Maces & Flails
 12282 | D:11     | Found a transporter.
 12308 | D:11     | Found a transporter.
 12864 | D:11     | Hit by a large rock thrown by a stone giant

Illustrated notes

Levels and vault maps discovered:
D:1:      wander_arrival_peaceful_grave, layout_loops_ring,
          hangedman_abyss_or_decor_stabs, hangedman_decor_growths
D:2:      layout_loops_corners, minmay_misc_feat_chi, uniq_jessica
D:3:      layout_loops_ring, hangedman_decor_points, uniq_robin,
          uniq_crazy_yiuf_cottage
D:4:      layout_layer_cave, minmay_temple_entry_ruins, kennysheep_flooded_box,
          uniq_eustachio, uniq_ijyb
D:5:      layout_cave_pools, serial_gnoll_camp, gnoll_camp_medium_02,
          gnoll_camp_mini_hut, gnoll_camp_mini_hut, gnoll_camp_mini_loothouse,
          grums_kennel, first_ration, gammafunk_ghost_icy, minmay_manual_mares
D:6:      layout_loops_ring, gammafunk_ghost_nasty_kobolds
D:7:      layout_cave_pods, kennysheep_little_box, uniq_duvessa
D:8:      layout_loops_ring, minmay_lair_entry_grove, serial_shops,
          nicolae_shop_trees, blue_anna_alchemist [blue_anna_fruit_fields,
          blue_anna_fruit_fields]
D:9:      layout_roguey, serial_rivers, chequers_serial_rivers_room_b,
          chequers_serial_rivers_marsh, chequers_serial_rivers_micro_a,
          chequers_serial_rivers_small_a, chequers_serial_rivers_micro_a,
          onia_ninara_cookie
D:10:     layout_gridville, uniq_grum, uniq_snorg
D:11:     gammafunk_the_bubble [the_bubble_gammafunk_crates], layout_cave_pods
Temple:   dpeg_three_leaves_temple

Skill      XL: |  1  2  3  4  5  6  7  8  9 10 11 12 |
---------------+-------------------------------------+-----
Earth Magic    | 4 5 6 7 8 9 10 11 | 11.1
Conjurations   | 1 2 3 5 6 7 8 9 |  9.3
Spellcasting   | 3 4 5 6 7 8 |  8.4
Armour         | 2 4 5 |  5.9
Fighting       | 2 4 5 |  5.8
Maces & Flails | 2 3 4 5 |  5.2
Dodging        | 2 3 4 |  4.8
Evocations     | 1 3 4 |  4.8
Stealth        | |  2.1
Transmutations | |  0.7

Action                   |  1- 3 |  4- 6 |  7- 9 | 10-12 || total
-------------------------+-------+-------+-------+-------++-------
Melee: Short sword       |   114 |   114 |       |       ||   228
       Unarmed           |     3 |       |       |       ||     3
       Dagger            |       |    83 |   309 |   168 ||   560
       Broad axe         |       |       |       |   277 ||   277
 Cast: Sandblast         |    11 |    26 |    44 |    92 ||   173
       Lee's Rapid Decon |       |     1 |    11 |    27 ||    39
       Stone Arrow       |       |       |       |     9 ||     9
 Abil: Evoke Invisibilit |       |       |       |     1 ||     1
Evoke: Wand              |       |       |       |     1 ||     1
  Use: Scroll            |     5 |     7 |     5 |    11 ||    28
       Potion            |       |       |     2 |     2 ||     4
 Stab: Sleeping          |     3 |     3 |     3 |     4 ||    13
  Eat: Chunk             |     2 |     7 |     8 |    21 ||    38
       Ration            |       |     1 |     1 |     2 ||     4
Armor: Robe              |    44 |    92 |   169 |   218 ||   523
       Troll leather arm |       |       |       |   124 ||   124
Dodge: Dodged            |    69 |   128 |   183 |   663 ||  1043
Block: Other             |       |    13 |    69 |   177 ||   259
       Reflection        |       |       |     4 |     3 ||     7

Table legend:
 A = Non-vault XP
 B = Vault XP
 C = Vault XP percentage of total XP
 D = Non-vault monster count
 E = Vault monster count
 F = Vault count percentage of total count
                 A         B        C        D         E       F
            +---------+---------+-------+---------+---------+-------
      Total |   12116 |    8748 |  41.9 |     284 |      94 |  24.9
            +---------+---------+-------+---------+---------+-------
        D:1 |      64 |       0 |   0.0 |      33 |       0 |   0.0
        D:2 |      40 |      37 |  48.1 |      19 |       1 |   5.0
        D:3 |      74 |      77 |  51.0 |      16 |      14 |  46.7
        D:4 |     220 |     247 |  52.9 |      14 |       2 |  12.5
        D:5 |     696 |    1308 |  65.3 |      28 |      32 |  53.3
        D:6 |    1208 |    1539 |  56.0 |      29 |      12 |  29.3
        D:7 |    1522 |     207 |  12.0 |      34 |       2 |   5.6
        D:8 |     954 |    1976 |  67.4 |      19 |      13 |  40.6
        D:9 |    1924 |    1116 |  36.7 |      37 |      15 |  28.8
       D:10 |    1877 |    1140 |  37.8 |      23 |       1 |   4.2
       D:11 |    3537 |    1101 |  23.7 |      32 |       2 |   5.9
            +---------+---------+-------+---------+---------+-------
